 Dungeon Crawl Stone Soup version 0.17-a0-1778-gd369669 (webtiles) character file.

49 abixa the Ruffian (level 3, 0/30 (31) HPs)
             Began as a Ghoul Monk on Sept 8, 2015.
             Slain by a gnoll
             ... wielding a +0 spear
              (2 damage)
             ... on level 1 of the Dungeon.
             The game lasted 00:03:04 (1113 turns).

abixa the Ruffian (Ghoul Monk)                      Turns: 1113, Time: 00:03:04

HP:   0/30 (31)     AC:  6    Str: 14    XL:     3   Next: 77%
MP:   2/2           EV: 11    Int:  5    God:
Gold: 124           SH:  0    Dex: 12    Spells: 0 memorised, 2 levels left

rFire  . . .     SeeInvis .       - Unarmed
rCold  + . .     Clarity  .     g - +0 ring mail
rNeg   + + +     SustAt   .     (no shield)
rPois  ∞         Gourm    .     (no helmet)
rElec  .         Spirit   .     s - +0 cloak
rCorr  .         Warding  .     (no gloves)
rMut   .         Stasis   .     (no boots)
MR     .....                    (no amulet)
Stlth  +.........               (no ring)
                                (no ring)

@: rotting, not resistant to hostile enchantments, very unstealthy
A: rotting body, claws 1, carnivore 3, cold resistance 1, negative energy
resistance 3, slow healing 1, torment resistance, unbreathing
a: no special abilities


You were on level 1 of the Dungeon.
You were not hungry.

You visited 1 branch of the dungeon, and saw 2 of its levels.

You collected 124 gold pieces.

Inventory:

Missiles
 d - 5 poisoned needles
 e - 41 stones (quivered)
 f - 4 silver javelins
 o - 25 arrows
Armour
 c - a +0 chain mail
 g - a +0 ring mail (worn)
 s - a +0 cloak (worn)
Scrolls
 a - a scroll of noise {unknown}
 i - a scroll of recharging {unknown}
 j - 2 scrolls of identify {unknown}
 k - a scroll of enchant weapon {unknown}
 l - a scroll of remove curse {unknown}
 n - a scroll of amnesia {unknown}
Potions
 h - a potion of resistance {unknown}
 p - a potion of haste {unknown}
 q - a potion of curing {unknown}
 r - a potion of lignification {unknown}
Comestibles
 b - a meat ration


   Skills:
 - Level 3.2 Fighting
 - Level 2.6 Dodging
 - Level 2.1 Stealth
 + Level 5.8 Unarmed Combat


You had 2 spell levels left.
You didn't know any spells.

Dungeon Overview and Level Annotations

Branches:
Dungeon (2/15)

Altars:


Innate Abilities, Weirdness & Mutations

Your body is rotting away.
You thrive on raw meat.
You are immune to poison.
You have sharp fingernails.
You are carnivorous and can eat meat at any time.
Your flesh is cold resistant.
You are immune to negative energy.
You heal slowly when monsters are visible.
You are immune to unholy pain and torment.
You can survive without breathing.


Message History

The gnoll closely misses you. The gnoll hits you with a spear!
There is a stone staircase leading up here.
The gnoll hits you with a spear. The gnoll hits you with a whip.
The gnoll hits you with a spear.
You climb upwards.
There is a stone staircase leading down here.
You scratch the gnoll.
The gnoll is moderately wounded.
The gnoll hits you with a spear. The gnoll hits you with a whip!
* * * LOW HITPOINT WARNING * * *
The gnoll closely misses you.
You scratch the gnoll but do no damage.
The gnoll is moderately wounded.
The gnoll barely misses you. The gnoll misses you.
The gnoll hits you with a spear.
* * * LOW HITPOINT WARNING * * *
Your ring mail prevents you from hitting the gnoll.
The gnoll is moderately wounded.
The gnoll hits you with a spear.
You die...

#######..############
#.)..###.#..........#
#.##.# #.#.########.#
#.##.###.#.# #.#
#.##.....#.# #.#
#.######.#.# #.#
#.#....#.#.# #.#
#.#.##.#g#.# #.#
#.#.##.#@#.### #.#
#.#.##..gg...# #.#
#.#........#.# #.#
#.##########.# #.#
#............#
#.######
##############
#....... #######. #.
#.


You could see 3 gnolls.

Vanquished Creatures
  An adder (D:2)
  2 oozes (D:1)
  8 bats
  2 giant cockroaches (D:1)
  5 hobgoblins
  2 giant newts (D:1)
  3 goblins (D:1)
  6 kobolds
  4 rats
33 creatures vanquished.

Notes
Turn   | Place    | Note
--------------------------------------------------------------
     0 | D:1      | abixa the Ghoul Monk began the quest for the Orb.
     0 | D:1      | Reached XP level 1. HP: 19/19 MP: 0/0
    65 | D:1      | Reached XP level 2. HP: 23/26 MP: 1/1
    72 | D:1      | Reached skill level 5 in Unarmed Combat
   320 | D:1      | Reached XP level 3. HP: 31/31 MP: 2/2
  1113 | D:1      | Slain by a gnoll

Vault maps used:
D:1:      erik_arrival_triangle_medium, hangedman_decor_points
D:2:      first_bread, uniq_terence, uniq_jessica, uniq_sigmund

Action                   || total
-------------------------++-------
Melee: Unarmed           ||    92
 Stab: Sleeping          ||     1
  Eat: Chunk             ||     3
